 Dungeon Crawl Stone Soup version 0.27.1-33-g824d729ab1 (webtiles) character file.

Game seed: 749928808206475430

619 Grabarz the Caller (level 7, -8/46 (51) HPs)
             Began as a Gnoll Wanderer on Dec 9, 2021.
             Was an Initiate of Yredelemnul.
             Mangled by a wight (10 damage)
             ... on level 4 of the Dungeon.
             The game lasted 00:54:36 (7915 turns).

Grabarz the Caller (Gnoll Wanderer)                 Turns: 7915, Time: 00:54:37

HP:   -8/46 (51)    AC:  9    Str: 11    XL:     7   Next: 46%
MP:   0/15          EV: 12    Int: 12    God:    Yredelemnul [......]
Gold: 235           SH:  0    Dex: 13    Spells: 10/17 levels left

rFire    . . .     SeeInvis +   q - +2 mace (venom)
rCold    x . .     Faith    .   (no shield)
rNeg     . . .     Spirit   +   n - +3 leather armour of the Buccaneer {Rampage +Inv rC- Slay+5}
rPois    .         Reflect  .   a - +1 helmet {SInv}
rElec    .         Harm     .   (no cloak)
rCorr    .         Rampage  +   g - +0 pair of gloves
Will     .....                  (no boots)
Stlth    ++........             f - amulet of guardian spirit
HPRegen  0.15/turn              (no ring)
MPRegen  0.14/turn              (no ring)

@: unable to read, drained
A: fangs 1, strong nose, distributed training, inability to read while
threatened, sturdy frame 1
a: Renounce Religion, Evoke Invisibility


You were on level 4 of the Dungeon.
You worshipped Yredelemnul.
Yredelemnul was noncommittal.
You visited 2 branches of the dungeon, and saw 6 of its levels.

You collected 235 gold pieces.

Inventory:

Hand Weapons
 q - a +2 mace of venom (weapon)
Armour
 a - a +1 helmet of see invisible (worn)
 b - a +1 robe
 g - a +0 pair of gloves (worn)
 n - the +3 leather armour of the Buccaneer (worn) {Rampage +Inv rC- Slay+5}
   (You found it on level 4 of the Dungeon)

   Slay:      It affects your accuracy & damage with ranged weapons and melee
   (+5).
   rC:        It makes you vulnerable to cold.
   +Inv:      It lets you turn invisible.
   Rampage:   It bestows one free step when moving towards enemies.
 r - a +2 hat
Magical Staves
 c - a staff of cold
 d - a staff of death
 p - a staff of conjuration
Jewellery
 f - an amulet of guardian spirit (around neck)
Wands
 j - a wand of paralysis (10)
Scrolls
 h - a scroll of identify
 i - a scroll of enchant armour
Potions
 e - a potion of heal wounds
 k - a potion of berserk rage
 l - a potion of brilliance
 m - a potion of curing {unknown}
 o - a potion of haste


   Skills:
 + Level 2.5 Fighting
 + Level 2.5 Short Blades
 + Level 5.2 Long Blades
 + Level 2.5 Axes
 + Level 2.5 Maces & Flails
 + Level 2.5 Polearms
 + Level 2.5 Staves
 + Level 2.5 Slings
 + Level 2.5 Bows
 + Level 2.5 Crossbows
 + Level 5.2 Throwing
 + Level 2.5 Armour
 + Level 2.5 Dodging
 + Level 3.5 Stealth
 + Level 2.5 Shields
 + Level 2.5 Unarmed Combat
 + Level 5.6 Spellcasting
 + Level 2.0 Conjurations
 + Level 2.0 Hexes
 + Level 5.8 Summonings
 + Level 2.0 Necromancy
 + Level 2.0 Translocations
 + Level 2.0 Transmutations
 + Level 2.0 Fire Magic
 + Level 2.0 Ice Magic
 + Level 2.0 Air Magic
 + Level 2.0 Earth Magic
 + Level 2.0 Poison Magic
 + Level 2.8 Invocations
 + Level 2.5 Evocations


You had 10 spell levels left.
You knew the following spells:

 Your Spells              Type           Power      Damage    Failure   Level
a - Call Imp              Summ           17%        N/A       2%          2
b - Blink                 Tloc           N/A        N/A       13%         2
c - Conjure Flame         Conj/Fire      8%         6-21      26%         3

Your spell library contained the following spells:

 Spells                   Type           Power      Damage    Failure   Level
 Magic Dart               Conj           32%        1d4       9%          1
 Shock                    Conj/Air       32%        1d5       9%          1
 Searing Ray              Conj           16%        3d3       13%         2
 Slow                     Hex            8%         N/A       13%         2
 Mephitic Cloud           Conj/Pois/Air  8%         N/A       26%         3
 Swiftness                Air            8%         N/A       26%         3
 Airstrike                Air            4%         N/A       63%         4
 Fulminant Prism          Conj/Hex       4%         3d6       63%         4


Dungeon Overview and Level Annotations

Branches:
Dungeon (5/15)             Temple (1/1) D:4

Altars:
Ashenzari
Dithmenos
Elyvilon
Gozag
Kikubaaqudgha
Okawaru
Qazlal
Ru
Sif Muna
Uskayaw
Vehumet
Xom
Yredelemnul
The Shining One

Shops:
D:1 !   D:3 ?


Innate Abilities, Weirdness & Mutations

You have very sharp teeth.
Your uncanny sense of smell can sniff out nearby items.
Your experience applies equally to all skills.
You sometimes lose the ability to read scrolls when taking damage.
Your movements are slightly less encumbered by armour. (ER -2)


Message History

The puff of frost misses your crimson imp.
You climb upwards.
Your summoned ally is left behind.
There is a stone staircase leading down here.
Casting: Call Imp (safe; 2% risk of failure)
Confirm with . or Enter, or press ? or * to list all spells.
A beastly little devil appears in a puff of flame.
The wight closely misses you.
You barely miss the wight. The wight closely misses you.
You barely miss the wight. The wight closely misses you.
You hit the wight. Your bite misses the wight.
The wight is moderately damaged.
The wight hits you with a +0 battleaxe.
The wight completely misses your crimson imp.
Your crimson imp blinks!
You barely miss the wight.
The wight is moderately damaged.
The wight completely misses you. The wight closely misses you.
You hit the wight. Your bite misses the wight.
The wight is severely damaged.
The wight barely misses you.
You closely miss the wight. You bite the wight, but do no damage.
The wight is severely damaged.
The wight hits you with a +0 battleaxe!
* * * LOW HITPOINT WARNING * * *
The wight hits your crimson imp with a +0 battleaxe.
Your crimson imp hits the wight but does no damage.
You hit the wight. Your bite misses the wight.
The wight is almost destroyed.
The wight hits you with a +0 battleaxe.
* * * LOW HITPOINT WARNING * * *
The wight misses your crimson imp.
Your crimson imp barely misses the wight.
The wight closely misses you.
The wight closely misses your crimson imp.
You hit the wight.
The wight is almost destroyed.
Your crimson imp hits the wight but does no damage.
The wight hits you with a +0 battleaxe!
You die...
Your body rises from the dead as a mindless zombie.

####### #.....#
#[....################
#......).............#
#...5@##############.#
#...z.# #.#
####.########## #.#
#......(......# #.#
#.##.########.# #.#
#.##.# #.# #ยง# #.##.#
#.# #.. ###.##.# #.#
##. ##...##.## #.## #.


You could see a wight (ally target) and a friendly crimson imp (summoned).

Vanquished Creatures
  A water moccasin skeleton (D:5)
  A wight (D:5)
  A hound (D:5)
  A howler monkey skeleton (D:4)
  3 adders
  6 orcs (D:5)
  4 ball pythons
  2 endoplasms
  3 giant cockroaches
  3 goblins
  4 kobolds
  2 quokkas (D:1)
  6 bats
  4 rats
41 creatures vanquished.

Vanquished Creatures (collateral kills)
  A necrophage (D:5)
  2 ogres (D:4)
  A scorpion (D:4)
  A water moccasin skeleton (D:4)
  A wight (D:5)
  A bullfrog zombie (D:5)
  2 hounds
  A bullfrog skeleton (D:5)
  An orc priest (D:4)
  Jessica (D:2)
  An iguana (D:5)
  8 adders
  2 worms (D:2)
  11 orcs
  3 endoplasms
  4 giant cockroaches
  7 goblins
  5 hobgoblins
  5 jackals
  3 kobolds
  4 quokkas
  9 ball pythons
  A bat (D:1)
  2 frilled lizards (D:2)
  A rat (D:1)
78 creatures vanquished.

Grand Total: 119 creatures vanquished

Notes
Turn   | Place    | Note
-------+----------+-------------------------------------------
     0 | D:1      | Grabarz the Gnoll Wanderer began the quest for the Orb.
     0 | D:1      | Grabarz set off with the following items: a +0 dagger, a +0
                  | robe, a potion of lignification; and the following spells
                  | available to memorise: Call Imp, Magic Dart, Shock, Blink,
                  | Slow, Conjure Flame, Mephitic Cloud, Swiftness
     0 | D:1      | Reached XP level 1. HP: 13/13 MP: 6/6
   493 | D:1      | Reached XP level 2. HP: 19/19 MP: 5/7
   543 | D:1      | Learned a level 2 spell: Call Imp
  1252 | D:1      | Found Lafe's Distillery.
  1532 | D:1      | Reached XP level 3. HP: 19/25 MP: 7/9
  1705 | D:1      | Reached skill level 5 in Spellcasting
  2000 | D:2      | Learned a level 2 spell: Blink
  2004 | D:2      | Learned a level 3 spell: Conjure Flame
  2261 | D:2      | Found a faded altar of an unknown god.
  2275 | D:2      | Reached skill level 1 in Invocations
  2701 | D:2      | Noticed Jessica
  2711 | D:2      | Killed Jessica
  2712 | D:2      | Reached skill level 1 in Fighting
  2712 | D:2      | Reached skill level 1 in Short Blades
  2712 | D:2      | Reached skill level 1 in Axes
  2712 | D:2      | Reached skill level 1 in Maces & Flails
  2712 | D:2      | Reached skill level 1 in Polearms
  2712 | D:2      | Reached skill level 1 in Staves
  2712 | D:2      | Reached skill level 1 in Slings
  2712 | D:2      | Reached skill level 1 in Bows
  2712 | D:2      | Reached skill level 1 in Crossbows
  2712 | D:2      | Reached skill level 1 in Armour
  2712 | D:2      | Reached skill level 1 in Dodging
  2712 | D:2      | Reached skill level 1 in Shields
  2712 | D:2      | Reached skill level 1 in Unarmed Combat
  2712 | D:2      | Reached skill level 1 in Evocations
  2712 | D:2      | Reached XP level 4. HP: 32/32 MP: 1/11
  3525 | D:2      | Identified a scroll of acquirement
  3525 | D:2      | Acquired a +1 helmet of see invisible
  3649 | D:3      | Reached skill level 1 in Conjurations
  3649 | D:3      | Reached skill level 1 in Hexes
  3649 | D:3      | Reached skill level 1 in Necromancy
  3649 | D:3      | Reached skill level 1 in Translocations
  3649 | D:3      | Reached skill level 1 in Transmutations
  3649 | D:3      | Reached skill level 1 in Fire Magic
  3649 | D:3      | Reached skill level 1 in Ice Magic
  3649 | D:3      | Reached skill level 1 in Air Magic
  3649 | D:3      | Reached skill level 1 in Earth Magic
  3649 | D:3      | Reached skill level 1 in Poison Magic
  3995 | D:3      | Found Qeug's Magic Scroll Boutique.
  4427 | D:3      | Reached XP level 5. HP: 35/37 MP: 7/12
  4578 | D:3      | Gained mutation: Your movements are slightly less
                  | encumbered by armour. (ER -2) [potion of mutation]
  4578 | D:3      | Gained mutation: You sometimes lose the ability to read
                  | scrolls when taking damage. [potion of mutation]
  5199 | D:4      | Reached XP level 6. HP: 44/44 MP: 11/13
  5436 | D:4      | Identified the +3 leather armour of the Buccaneer {Rampage
                  | +Inv rC- Slay+5}
  5450 | D:4      | Found a staircase to the Ecumenical Temple.
  5770 | D:4      | Reached skill level 5 in Long Blades
  5770 | D:4      | Reached skill level 5 in Throwing
  5837 | Temple   | Entered the Ecumenical Temple
  5846 | Temple   | Became a worshipper of Yredelemnul the Dark
  5986 | D:5      | Entered Level 5 of the Dungeon
  6812 | D:5      | Found a glowing golden altar of the Shining One.
  7030 | D:5      | Reached XP level 7. HP: 43/49 MP: 7/15
  7914 | D:4      | HP: 1/46 [wight (3)]
  7915 | D:4      | Mangled by a wight

Illustrated notes

Levels and vault maps discovered:
D:1:      minmay_arrival_split_and_join, layout_loops_ring, serial_shops, shop
D:2:      layout_basic, shapermc_ecumenical_altar_notcrosses, uniq_jessica
D:3:      layout_loops_cross, serial_shops, nicolae_diamond_shop,
          kennysheep_generic_room_11
D:4:      layout_loops_ring, minmay_temple_entry_stoned_glass
D:5:      layout_layer_cave, mainiacjoe_overflow_catwalk
Temple:   cyrus_circular_temple

Skill      XL: |  1  2  3  4  5  6  7 |
---------------+----------------------+-----
Spellcasting   | 5 |  5.6
Invocations    | 1 2 |  2.8
Fighting       | 1 2 |  2.5
Short Blades   | 1 2 |  2.5
Axes           | 1 2 |  2.5
Maces & Flails | 1 2 |  2.5
Polearms       | 1 2 |  2.5
Staves         | 1 2 |  2.5
Slings         | 1 2 |  2.5
Bows           | 1 2 |  2.5
Crossbows      | 1 2 |  2.5
Armour         | 1 2 |  2.5
Dodging        | 1 2 |  2.5
Shields        | 1 2 |  2.5
Unarmed Combat | 1 2 |  2.5
Evocations     | 1 2 |  2.5
Conjurations   | 1 2 |  2.0
Hexes          | 1 2 |  2.0
Necromancy     | 1 2 |  2.0
Translocations | 1 2 |  2.0
Transmutations | 1 2 |  2.0
Fire Magic     | 1 2 |  2.0
Ice Magic      | 1 2 |  2.0
Air Magic      | 1 2 |  2.0
Earth Magic    | 1 2 |  2.0
Poison Magic   | 1 2 |  2.0
Stealth        | 3 |  3.5
Long Blades    | 5 |  5.2
Throwing       | 5 |  5.2
Summonings     | |  5.8

Action                   |  1- 3 |  4- 6 |  7- 9 || total
-------------------------+-------+-------+-------++-------
Melee: Dagger            |    69 |    76 |       ||   145
       Bite              |     7 |     7 |     2 ||    16
       Mace              |       |    20 |    27 ||    47
       Punch             |       |       |     1 ||     1
 Cast: Call Imp          |    57 |    99 |    21 ||   177
       Conjure Flame     |     1 |     1 |       ||     2
       Blink             |       |     4 |       ||     4
  Use: Scroll            |     3 |    10 |       ||    13
       Potion            |       |     5 |       ||     5
 Stab: Distracted        |       |     1 |       ||     1
Armor: Robe              |    22 |    33 |       ||    55
       Leather armour    |       |    24 |     8 ||    32
Dodge: Dodged            |    42 |    82 |    25 ||   149
